 Dungeon Crawl Stone Soup version 0.28.0-53-g5a82cb258f (webtiles) character file.

Game seed: 6645685580259115098

206631 Zeld the Slayer (level 18, -34/187 HPs)
             Began as a Minotaur Berserker on May 22, 2022.
             Was the Champion of Trog.
             Killed from afar by a deep elf knight (52 damage)
             ... with a shard of ice
             ... on level 1 of the Elven Halls.
             The game lasted 00:40:40 (37054 turns).

Zeld the Slayer (Minotaur Berserker)               Turns: 37054, Time: 00:40:40

Health: -34/187    AC: 26    Str: 28    XL:     18   Next: 7%
Magic:  5/5        EV: 13    Int:  4    God:    Trog [******]
Gold:   2795       SH:  0    Dex: 10    Spells: 17/17 levels left

rFire   . . .      SeeInvis +   g - +7 battleaxe (antimagic)
rCold   . . .      Faith    .   (shield currently unavailable)
rNeg    + . .      Spirit   .   C - +0 plate armour
rPois   +          Reflect  .   (helmet unavailable)
rElec   +          Harm     .   E - +0 cloak
rCorr   .          Rampage  .   u - +0 pair of gloves
Will    +....                   O - +2 pair of boots "Feguagha" {rPois rN+ Dex-5}
Stlth   ..........              p - amulet of regeneration
HPRegen 1.21/turn               D - ring of see invisible
MPRegen 0.09/turn               P - ring "Joigadwu" {rElec rPois Dex+3 Stlth+}

@: about to teleport
A: horns 3, retaliatory headbutt, iridescent scales 1
}: 1/15 runes: gossamer
a: Renounce Religion, Berserk, Trog's Hand, Brothers in Arms


You were on level 1 of the Elven Halls.
You worshipped Trog.
Trog was exalted by your worship.
You visited 7 branches of the dungeon, and saw 30 of its levels.
You also visited: Ice Cave and Desolation.

You collected 4572 gold pieces.
You spent 1777 gold pieces at shops.

Inventory:

Hand Weapons
 a - the +8 battleaxe of Honesty {vorpal, rCorr Str+3 Stlth+}
   (You bought it in a shop on level 2 of the Dungeon)

   It inflicts extra damage upon your enemies.
   Str:       It affects your strength (+3).
   rCorr:     It protects you from acid and corrosion.
   Stlth:     It makes you more stealthy.
 g - a +7 antimagic battleaxe (weapon)
Armour
 c - a +2 hat
 j - the +0 hat "Ryag" {rCorr}
   (You found it on level 4 of the Spider Nest)

   rCorr:     It protects you from acid and corrosion.
 u - a +0 pair of gloves (worn)
 C - a +0 plate armour (worn)
 E - a +0 cloak (worn)
 O - the +2 pair of boots "Feguagha" (worn) {rPois rN+ Dex-5}
   (You found it on level 1 of the Lair of Beasts)

   Dex:       It affects your dexterity (-5).
   rPois:     It protects you from poison.
   rN:        It protects you from negative energy.
Jewellery
 b - a ring of protection from cold
 p - an amulet of regeneration (around neck)
 D - a ring of see invisible (left hand)
 P - the ring "Joigadwu" (right hand) {rElec rPois Dex+3 Stlth+}
   (You found it in the Desolation of Salt)

   [ring of poison resistance]

   Dex:       It affects your dexterity (+3).
   rElec:     It insulates you from electricity.
   rPois:     It protects you from poison.
   Stlth:     It makes you more stealthy.
 Q - a ring of resist corrosion
Wands
 s - a wand of acid (15)
 t - a wand of polymorph (8)
 y - a wand of paralysis (18)
 A - a wand of digging (4)
 G - a wand of flame (19)
 I - a wand of charming (8)
 J - a wand of mindburst (7)
 L - a wand of iceblast (13)
Scrolls
 l - 5 scrolls of enchant weapon
 m - 5 scrolls of blinking
 o - 2 scrolls of summoning
 q - 4 scrolls of enchant armour
 r - 8 scrolls of fear
 v - 17 scrolls of teleportation
 x - 2 scrolls of magic mapping
 M - 2 scrolls of brand weapon
Potions
 d - 2 potions of resistance
 e - 3 potions of berserk rage
 f - 9 potions of heal wounds
 h - 7 potions of flight
 i - 12 potions of curing
 k - 7 potions of haste
 n - 5 potions of brilliance {unknown}
 w - 3 potions of mutation
 z - 5 potions of ambrosia
 B - 3 potions of invisibility {unknown}
 F - 4 potions of might
 H - 2 potions of magic {unknown}
 N - 2 potions of cancellation {unknown}
Miscellaneous
 K - a phial of floods


   Skills:
 * Level 22.8 Fighting
 * Level 22.7 Axes
 + Level 16.5 Armour
 + Level 15.3 Dodging


You had 17 spell levels left.
You didn't know any spells.
Your spell library was empty.

Dungeon Overview and Level Annotations

Branches:
Dungeon (15/15)            Temple (1/1) D:4            Lair (6/6) D:8
 Shoals (1/4) Lair:2       Spider (4/4) Lair:2        Slime (0/5) Lair:6
    Orc (2/2) D:9             Elf (1/3) Orc:2        Vaults (0/5) D:13
 Depths (0/4) D:15          IceCv (visited)         Desolation (visited)

Altars:
Ashenzari
Cheibriados
Dithmenos
Elyvilon
Fedhas
Gozag
Hepliaklqana
Kikubaaqudgha
Makhleb
Nemelex Xobeh
Okawaru
Qazlal
Ru
Sif Muna
Trog
Uskayaw
Vehumet
Wu Jian
Xom
Yredelemnul
Zin
The Shining One
Beogh

Shops:
D:2 ?(   D:13 (   Orc:1 !   Orc:2 =([[   Elf:1 (*[*


Innate Abilities, Weirdness & Mutations

You have a pair of large horns on your head.
You reflexively headbutt those who attack you in melee.
You are partially covered in iridescent scales. (AC +2)


Message History

The deep elf archer blinks!
The deep elf knight hits you with a +0 scimitar!
* * * LOW HITPOINT WARNING * * *
The deep elf zephyrmancer mumbles some strange words.
The deep elf zephyrmancer blinks!
The +2 trident of holy wrath hits you from afar.
* * * LOW HITPOINT WARNING * * *
The deep elf zephyrmancer mumbles some strange words.
The deep elf zephyrmancer blinks!
The deep elf high priest hits you with a +0 long sword.
* * * LOW HITPOINT WARNING * * *
You hear a chilling moan.
Unknown command.
Unknown command.
Unknown command.
Unknown command.
The hellwing gives a chilling moan.
The deep elf zephyrmancer points at you and mumbles some strange words.
The bolt of lightning hits the deep elf zephyrmancer!!
The deep elf zephyrmancer dies!
The bolt of lightning hits you. You resist.
* * * LOW HITPOINT WARNING * * *
The bolt of lightning hits you! You resist.
* * * LOW HITPOINT WARNING * * *
The deep elf demonologist mumbles some strange words.
Things that are here:
a +2 rapier of venom; an elf corpse Unknown command.
Unknown command.
The deep elf knight falters for a moment.
The deep elf zephyrmancer points at you and mumbles some strange words.
The bolt of lightning hits the +2 trident of holy wrath.
The +2 trident of holy wrath completely resists.
The bolt of lightning misses you. The bolt of lightning hits you! You resist.
* * * LOW HITPOINT WARNING * * *
The Tzitzimitl is engulfed in blazing flames.
The +2 trident of holy wrath hits you but does no damage.
The deep elf knight casts a spell at you.
The shard of ice hits you!!!
You die...

### ##### ..##
##...## ### ...##
#.....# #.#
....########.....#
##.##
....'....).')....#
#...#
....#########...##
#...# ...## ##'#@##
##)## ..#'## #.##)##
#.# ####.##
*#.#ee(#** #.# #
##.## *..#)(#e.# #.#
# ##.## **''#'e#e'#*
#.# # ##.##
*8.○E.☼o..8# #.# ###
##.##*8○4eoE1..8###.#
)(##
##.##*°E#e°#..##.#.#
...#
##.#84eo1.3..8##..#


You could see a Tzitzimitl (summoned), a deep elf archer (empowered, repels
missiles), 2 deep elf knights, an earth elemental, a deep elf zephyrmancer
(empowered), 2 dancing weapons and an orc.

Vanquished Creatures
  Nikola (Spider:1)
  Arachne (Spider:4)
  A sphinx (shapeshifter) (D:13)
  A tengu reaver (D:14)
  An azure jelly (IceCv)
  4 ghost moths
  2 imperial myrmidons (Desolation)
  7 emperor scorpions
  An orc warlord (Orc:1)
  Louise (D:15)
  2 stone giants (D:14)
  A juggernaut zombie (D:15)
  A quicksilver ooze (IceCv)
  Azrael (D:14)
  6 entropy weavers
  A dire elephant (Lair:6)
  2 halazid warlocks (Desolation)
  2 spark wasps (Spider:4)
  Snorg (D:11)
  A crystal guardian (Desolation)
  A deep elf high priest (Elf:1)
  5 ragged hierophants (Desolation)
  6 servants of whispers (Desolation)
  8 hydras
  2 radroaches (Spider:2)
  3 peacekeepers (Desolation)
  4 boulder beetles
  A catoblepas (Lair:6)
  An ogre mage (D:11)
  2 centaur warriors (D:14)
  A death knight (D:14)
  8 dancing weapons (Elf:1)
  4 two-headed ogres
  A deep troll shaman (Lair:6)
  A vampire mage (D:15)
  4 death scarabs (Spider:4)
  8 death yaks (Lair:6)
  2 orc high priests (Orc:2)
  The ghost of Diggabert the Cleaver, a novice HOFi of Qazlal (D:7)
  7 skeletal warriors
  7 pharaoh ants
  A spark wasp zombie (D:15)
  A golden dragon zombie (D:15)
  7 steelbarb worms
  4 orb spiders
  A spectral jorogumo (Spider:4)
  A necromancer (D:15)
  2 ironbound convokers (Desolation)
  3 orc knights (Orc:1)
  A lindwurm (Lair:6)
  3 deep elf zephyrmancers (Elf:1)
  2 spectral wolf spiders (Spider:4)
  An oklob plant (Lair:6)
  5 deep elf pyromancers
  21 ugly things
  A wolf spider zombie (Spider:4)
  13 wolf spiders
  5 cyclopes
  3 orc sorcerers (Orc:2)
  2 manticores
  2 moths of wrath
  18 slime creatures (IceCv)
  2 guardian serpents (Desolation)
  19 elephants
  4 torpor snails
  An ice statue (IceCv)
  Joseph (D:7)
  7 black mambas
  2 gargoyles (D:12)
  14 cane toads
  A molten gargoyle (Desolation)
  3 spectral redbacks (Spider:4)
  2 efreet
  11 komodo dragons
  11 demonic crawlers
  3 rime drakes
  An entropy weaver simulacrum (IceCv)
  4 redback zombies (Spider:4)
  4 yaktaurs (D:15)
  The ghost of Zeld the Sneak, an amateur NaVM (D:4)
  3 polar bears
  5 trolls
  2 hornets (D:8)
  A wind drake (shapeshifter) (D:13)
  5 tarantella zombies (Spider:4)
  35 tarantellas
  3 spectral jumping spiders (Spider:4)
  4 meliai
  2 spectral tarantellas (Spider:4)
  2 jumping spider zombies (Spider:4)
  38 saltlings (Desolation)
  A culicivora zombie (Spider:4)
  20 blink frogs
  A spriggan zombie (D:15)
  20 jumping spiders
  5 water elementals
  An air elemental (D:14)
  18 culicivoras
  4 wyverns
  4 vampires
  5 wraiths
  2 shadows
  4 fire elementals (D:14)
  61 yaks
  A yak (shapeshifter) (D:13)
  3 basilisks
  55 redbacks
  2 steam dragons
  Edmund (D:4)
  4 vampire mosquitoes (D:13)
  3 wargs (Orc:2)
  16 water moccasins
  5 demonic crawler simulacra (IceCv)
  2 acid dragons (D:10)
  A hell hound (D:14)
  42 orc warriors
  A black bear (Lair:6)
  2 ice beasts
  2 sky beasts (D:7)
  4 ugly thing simulacra (IceCv)
  4 wolves (Lair:6)
  The ghost of Zeld the Changer, an amateur DrTm (D:4)
  A necrophage (D:4)
  9 centaurs
  8 ogres
  A phantom (D:6)
  A kobold brigand (D:10)
  2 earth elementals (Elf:1)
  18 bullfrogs
  2 gnoll sergeants
  2 scorpions
  A wyvern zombie (D:6)
  4 glowing shapeshifter simulacra (IceCv)
  3 killer bees (D:7)
  6 wights (D:9)
  4 electric eels
  2 howler monkeys
  2 centaur zombies
  An iron imp (D:4)
  17 orc priests
  2 hounds
  Crazy Yiuf (D:6)
  2 gnoll shamans
  A centaur skeleton (D:7)
  4 iguanas
  31 orc wizards
  A scorpion zombie (D:5)
  7 hell rats (Lair:4)
  2 killer bee zombies
  A hound skeleton (D:4)
  2 howler monkey zombies
  16 gnolls
  An adder (D:3)
  2 white imps
  An adder skeleton (D:4)
  2 worms
  3 dart slugs
  112 orcs
  5 endoplasms
  3 giant cockroaches
  11 goblins
  9 hobgoblins
  11 kobolds
  6 quokkas
  4 ball pythons
  6 bats
  4 frilled lizards
  A quokka skeleton (D:4)
  3 rats (D:1)
1036 creatures vanquished.

Vanquished Creatures (collateral kills)
  2 hydras
  A catoblepas (D:14)
  A death scarab (Spider:4)
  A raiju (D:14)
  2 slime creatures (IceCv)
  An orc (D:11)
8 creatures vanquished.

Vanquished Creatures (others)
  A quicksilver ooze (IceCv)
  A pharaoh ant (Spider:2)
  A wolf spider (Spider:2)
  A deep elf zephyrmancer (Elf:1)
  A tarantella (Spider:2)
  58 fungi
  62 plants
  10 withered plants
135 creatures vanquished.

Grand Total: 1179 creatures vanquished

Notes
Turn   | Place    | Note
-------+----------+-------------------------------------------
     0 | D:1      | Zeld the Minotaur Berserker began the quest for the Orb.
     0 | D:1      | Reached XP level 1. HP: 19/19 MP: 0/0
    67 | D:1      | Reached XP level 2. HP: 25/27 MP: 1/1
   469 | D:1      | Reached XP level 3. HP: 33/33 MP: 2/2
   603 | D:1      | Reached ** piety under Trog
  1030 | D:2      | Found a faded altar of an unknown god.
  1039 | D:2      | Found Uqidugo's Magic Scroll Boutique.
  1051 | D:2      | Bought a scroll of identify for 24 gold pieces
  1419 | D:2      | Found Zoan's Antique Weapon Emporium.
  1747 | D:3      | Reached XP level 4. HP: 35/41 MP: 3/3
  2558 | D:4      | Noticed a scorpion
  2561 | D:4      | Killed a scorpion
  2562 | D:4      | Reached skill level 5 in Fighting
  2562 | D:4      | Reached skill level 5 in Axes
  2562 | D:4      | Reached XP level 5. HP: 44/48 MP: 4/4
  2617 | D:4      | Reached *** piety under Trog
  2677 | D:4      | Found a staircase to the Ecumenical Temple.
  2715 | Temple   | Entered the Ecumenical Temple
  2920 | D:4      | Found a broken altar of Ashenzari.
  3023 | D:2      | Bought an ichor-stained battleaxe for 195 gold pieces
  3023 | D:2      | Identified the +8 battleaxe of Honesty {vorpal, rCorr Str+3
                  | Stlth+} (You bought it in a shop on level 2 of the Dungeon)
  3579 | D:4      | Noticed a necrophage
  3584 | D:4      | Killed a necrophage
  3585 | D:4      | Reached XP level 6. HP: 57/57 MP: 5/5
  3805 | D:4      | Found a runed translucent gate.
  3805 | D:4      | Found a runed translucent gate.
  3805 | D:4      | Found a runed translucent gate.
  3807 | D:4      | You fall into a shaft and drop 2 floors!
  3824 | D:5      | Entered Level 5 of the Dungeon
  3957 | D:6      | Reached XP level 7. HP: 37/63 MP: 6/6
  4154 | D:5      | Found a sacrificial altar of Ru.
  4154 | D:5      | Found a radiant altar of Vehumet.
  4370 | D:4      | Found a snail-covered altar of Cheibriados.
  4429 | D:4      | Noticed Edmund
  4434 | D:4      | Killed Edmund
  4444 | D:4      | Found an opulent altar of Gozag.
  4644 | D:4      | Noticed Zeld's ghost (amateur DrTm)
  4644 | D:4      | Noticed Zeld's ghost (amateur NaVM)
  5314 | D:6      | Reached skill level 5 in Armour
  5314 | D:6      | Reached XP level 8. HP: 73/73 MP: 7/7
  5800 | D:6      | Found a runed translucent door.
  5801 | D:6      | Noticed Crazy Yiuf
  5808 | D:6      | Killed Crazy Yiuf
  5874 | D:7      | Reached skill level 5 in Dodging
  6108 | D:2      | Bought a scroll of identify for 24 gold pieces
  6108 | D:2      | Bought a scroll of identify for 24 gold pieces
  6108 | D:2      | Bought a scroll of blinking for 90 gold pieces
  6108 | D:2      | Bought a scroll of teleportation for 36 gold pieces
  6191 | D:7      | Reached **** piety under Trog
  6259 | D:7      | Found a large runed translucent door.
  6259 | D:7      | Found a large runed translucent door.
  6261 | D:7      | Noticed Diggabert's ghost (novice HOFi)
  6274 | D:7      | Reached XP level 9. HP: 78/82 MP: 8/8
  6373 | D:7      | Noticed Joseph
  6385 | D:7      | Killed Joseph
  6470 | D:7      | Found a stormy altar of Qazlal.
  6749 | D:2      | Bought a scroll of teleportation for 36 gold pieces
  7239 | D:8      | Reached skill level 10 in Fighting
  7239 | D:8      | Reached skill level 10 in Axes
  7554 | D:8      | Found a staircase to the Lair.
  7593 | D:9      | Reached XP level 10. HP: 94/94 MP: 9/9
  7802 | D:9      | Found a staircase to the Orcish Mines.
  7875 | D:9      | Reached ***** piety under Trog
  8316 | D:10     | Entered Level 10 of the Dungeon
  8435 | D:10     | Noticed a white ugly thing
  8487 | D:10     | Killed a white ugly thing
  9206 | D:10     | Noticed a two-headed ogre
  9217 | D:10     | Killed a two-headed ogre
  9222 | D:10     | Reached XP level 11. HP: 74/104 MP: 10/10
  9626 | D:11     | Noticed a boulder beetle
  9991 | D:11     | Noticed Snorg
  9997 | D:11     | Received a gift from Trog
 10004 | D:11     | Killed Snorg
 10007 | D:11     | Killed a boulder beetle
 10207 | D:11     | Noticed a two-headed ogre
 10208 | D:11     | Noticed an ogre mage
 10208 | D:11     | Noticed a two-headed ogre
 10208 | D:11     | Noticed a two-headed ogre
 10208 | D:11     | Paralysed by an ogre mage for 4 turns
 10210 | D:11     | Noticed a two-headed ogre
 10264 | D:11     | Killed a two-headed ogre
 10270 | D:10     | Killed a two-headed ogre
 10312 | D:11     | Killed a two-headed ogre
 10465 | D:11     | Killed an ogre mage
 10511 | D:11     | Noticed an eight-headed hydra
 10520 | D:11     | Killed a ten-headed hydra
 10925 | D:12     | Noticed a deep elf pyromancer
 10966 | D:12     | Killed a deep elf pyromancer
 10967 | D:12     | Reached XP level 12. HP: 57/116 MP: 11/11
 11192 | D:12     | Reached skill level 10 in Armour
 12145 | D:13     | Found a gate to the Vaults.
 12148 | D:13     | Noticed a minotaur
 12152 | D:13     | Noticed an azure jelly
 12152 | D:13     | a minotaur changed into an azure jelly
 12154 | D:13     | Noticed a sphinx
 12154 | D:13     | an azure jelly changed into a sphinx
 12158 | D:13     | Killed a sphinx
 12184 | D:13     | Found Daen's Weapon Emporium.
 13021 | D:14     | Noticed Azrael
 13027 | D:14     | Killed Azrael
 13243 | D:14     | Noticed a seven-headed hydra
 13248 | D:14     | Killed a seven-headed hydra
 13249 | D:14     | Reached skill level 15 in Fighting
 13249 | D:14     | Reached skill level 15 in Axes
 13340 | D:14     | Noticed a boulder beetle
 13345 | D:14     | Noticed a centaur warrior
 13350 | D:14     | Killed a centaur warrior
 13351 | D:14     | Reached skill level 10 in Dodging
 13356 | D:14     | Killed a boulder beetle
 13398 | D:14     | Noticed a death knight
 13591 | D:14     | Noticed a centaur warrior
 13603 | D:14     | Killed a centaur warrior
 13669 | D:14     | Noticed a stone giant
 13691 | D:14     | Killed a stone giant
 13899 | D:14     | Noticed a tengu reaver
 13910 | D:14     | Killed a tengu reaver
 13911 | D:14     | Reached XP level 13. HP: 13/127 MP: 12/12
 14240 | D:14     | Noticed a stone giant
 14246 | D:14     | Killed a stone giant
 14247 | D:14     | Paralysed by an air elemental for 1 turns
 14907 | Lair:1   | Entered Level 1 of the Lair of Beasts
 15017 | Lair:1   | Found a transporter.
 15542 | Lair:1   | Found a transporter.
 15970 | Lair:2   | Found a staircase to the Shoals.
 16209 | Lair:2   | Found a hole to the Spider Nest.
 16568 | Shoals:1 | Entered Level 1 of the Shoals
 18040 | Lair:4   | Reached XP level 14. HP: 125/140 MP: 13/13
 18239 | Lair:4   | Received a gift from Trog
 18757 | Lair:5   | HP: 6/140 [black mamba (12)]
 18762 | Lair:5   | HP: 6/140 [poisoned by a black mamba]
 19623 | Lair:6   | Entered Level 6 of the Lair of Beasts
 20284 | Lair:6   | Found a staircase to the Slime Pits.
 20502 | Lair:6   | Received a gift from Trog
 21014 | Lair:6   | Reached XP level 15. HP: 123/150 MP: 14/14
 21269 | Lair:1   | Identified the +2 pair of boots "Feguagha" {rPois rN+
                  | Dex-5}
 21693 | D:4      | Killed Zeld's ghost
 21696 | D:4      | Killed Zeld's ghost
 21798 | D:7      | Killed Diggabert's ghost
 22216 | D:15     | Entered Level 15 of the Dungeon
 22227 | D:15     | Noticed Louise
 22237 | D:15     | Killed Louise
 22965 | D:15     | Found a staircase to the Depths.
 23703 | Orc:1    | Entered Level 1 of the Orcish Mines
 23708 | Orc:1    | Received a gift from Trog
 23920 | Orc:2    | Entered Level 2 of the Orcish Mines
 23922 | Orc:2    | Found a staircase to the Elven Halls.
 23963 | Orc:2    | Found a frozen archway.
 23976 | IceCv    | Entered an ice cave
 25391 | IceCv    | Found a viscous altar of Jiyva.
 25391 | IceCv    | Noticed an azure jelly
 25403 | IceCv    | Killed an azure jelly
 25488 | IceCv    | Identified the +3 kite shield of Instinct {Harm Drain rC+
                  | Will+++}
 25493 | IceCv    | Got the +6 whip of Coeb Afu {freeze, rC+ rN+ rCorr}
 25629 | Orc:2    | Noticed an orc warlord
 25849 | Orc:1    | Received a gift from Trog
 26030 | Orc:1    | Killed an orc warlord
 26289 | Orc:1    | Found Cetunon's Distillery.
 26310 | Orc:1    | Bought a potion of mutation for 112 gold pieces
 26310 | Orc:1    | Bought a potion of heal wounds for 70 gold pieces
 26310 | Orc:1    | Bought a potion of berserk rage for 70 gold pieces
 26310 | Orc:1    | Bought a potion of flight for 42 gold pieces
 26310 | Orc:1    | Bought a potion of haste for 140 gold pieces
 26310 | Orc:1    | Bought a potion of haste for 140 gold pieces
 26310 | Orc:1    | Bought a potion of might for 56 gold pieces
 26969 | Orc:2    | Found a runed translucent door.
 27046 | Orc:2    | Reached ****** piety under Trog
 27049 | Orc:2    | Found Voacuoq's Jewellery Emporium.
 27164 | Orc:2    | Received a gift from Trog
 27170 | Orc:2    | Reached XP level 16. HP: 158/162 MP: 15/15
 27240 | Orc:2    | Found Lomyat's Antique Armour Boutique.
 27253 | Orc:2    | Found Orae's Antique Weapon Shop.
 27266 | Orc:2    | Bought a fading great sword for 322 gold pieces
 27266 | Orc:2    | Identified the +4 great sword of Riut Efi {freeze, rF+}
                  | (You bought it in a shop on level 2 of the Orcish Mines)
 27359 | Orc:2    | Found Ebocah's Antique Armour Shop.
 27369 | Orc:2    | Bought a pair of heavily runed boots for 294 gold pieces
 27369 | Orc:2    | Identified the +0 pair of boots of Wariness {Str+3 Int-2}
                  | (You bought it in a shop on level 2 of the Orcish Mines)
 28429 | Spider:1 | Entered Level 1 of the Spider Nest
 29219 | Spider:1 | Received a gift from Trog
 29768 | Spider:2 | Noticed Nikola
 30004 | Spider:2 | Reached skill level 15 in Armour
 30128 | Spider:1 | Killed Nikola
 30611 | Spider:2 | Received a gift from Trog
 32521 | Spider:3 | Gained mutation: You possess an exceptional clarity of
                  | mind. [potion of mutation]
 32521 | Spider:3 | Gained mutation: You are weak. (Str -2) [potion of
                  | mutation]
 32521 | Spider:3 | Gained mutation: Your magical capacity is low. (-10% MP)
                  | [potion of mutation]
 32521 | Spider:3 | Gained mutation: You have a pair of large horns on your
                  | head. [potion of mutation]
 32523 | Spider:3 | Lost mutation: You possess an exceptional clarity of mind.
                  | [potion of mutation]
 32523 | Spider:3 | Lost mutation: You are weak. (Str -2) [potion of mutation]
 32523 | Spider:3 | Lost mutation: You have a pair of large horns on your head.
                  | [potion of mutation]
 32523 | Spider:3 | Gained mutation: You expend magic power (3 MP) to
                  | strengthen your wands. [potion of mutation]
 32523 | Spider:3 | Gained mutation: You tend to lose your temper in combat.
                  | [potion of mutation]
 32523 | Spider:3 | Gained mutation: You are partially covered in iridescent
                  | scales. (AC +2) [potion of mutation]
 32724 | Spider:3 | Lost mutation: You tend to lose your temper in combat.
                  | [potion of mutation]
 32724 | Spider:3 | Lost mutation: You expend magic power (3 MP) to strengthen
                  | your wands. [potion of mutation]
 32724 | Spider:3 | Gained mutation: You have a pair of large horns on your
                  | head. [potion of mutation]
 32724 | Spider:3 | Lost mutation: Your magical capacity is low. (-10% MP)
                  | [potion of mutation]
 32853 | Spider:4 | Entered Level 4 of the Spider Nest
 32861 | Spider:4 | Noticed Arachne
 32876 | Spider:4 | Killed Arachne
 33006 | Spider:4 | Reached XP level 17. HP: 155/173 MP: 16/16
 33007 | Spider:4 | Received a gift from Trog
 33629 | Spider:4 | Lost intelligence.
 34358 | Spider:4 | Received a gift from Trog
 34740 | Spider:4 | Got a gossamer rune of Zot
 34777 | Spider:4 | Identified the +0 hat "Ryag" {rCorr}
 35207 | Elf:1    | Entered Level 1 of the Elven Halls
 35541 | Elf:1    | Found a crumbling gateway.
 35550 | Desolati | Entered the Desolation of Salt
 35644 | Desolati | Reached skill level 15 in Dodging
 35725 | Desolati | Received a gift from Trog
 36009 | Desolati | Identified the ring "Joigadwu" {rElec rPois Dex+3 Stlth+}
 36340 | Desolati | Identified the +6 ice dragon scales "Soeteed" {rF- rC++
                  | rN+}
 36430 | Desolati | Identified the +4 falchion "Riadghye" {drain, *Corrode
                  | +Blink rPois rF++}
 36488 | Desolati | Reached XP level 18. HP: 187/187 MP: 5/17
 36497 | Desolati | Identified the ring "Hotitene" {*Corrode rN+ Will+ Str+7}
 36659 | Elf:1    | Found Haasah's Weapon Shop.
 36662 | Elf:1    | Found Nane's General Store.
 36664 | Elf:1    | Found Mebupt's Armour Shop.
 36742 | Elf:1    | Found Kazecy's General Store.
 36746 | Elf:1    | Bought a scroll of teleportation for 51 gold pieces
 36746 | Elf:1    | Bought a scroll of teleportation for 51 gold pieces
 37043 | Elf:1    | Noticed a Hell Sentinel
 37046 | Elf:1    | Noticed a Tzitzimitl
 37049 | Elf:1    | Identified the +6 battleaxe "Erirap" {vorpal, rF+ SInv}
                  | (Trog gifted it to you on level 1 of the Elven Halls)
 37049 | Elf:1    | Received a gift from Trog
 37054 | Elf:1    | Noticed a Hell Sentinel
 37054 | Elf:1    | Killed from afar by a deep elf knight

Illustrated notes

Levels and vault maps discovered:
D:1:      wander_arrival_estate, layout_loops_ring
D:2:      layout_loops_cross, ebering_ecumenical_altar_petrified, serial_shops,
          nicolae_shop_overgrown_old_shop, shop, minmay_goblin_kobold_house
D:3:      layout_loops_cross
D:4:      layout_loops_corners, slow_altar_2,
          mainiacjoe_overflow_six_doors_small,
          nicolae_gozag_cash_rules_everything_around_me,
          minmay_temple_entry_antechambers, gammafunk_ghost_cemetery,
          uniq_edmund
D:5:      layout_rooms, mainiacjoe_overflow_divided_tiny
D:6:      layout_cave_pools, uniq_crazy_yiuf_cottage
D:7:      layout_basic, nicolae_qazlal_style_of_elements,
          ebering_ghost_disaster_area, corexii_item_surrounded_by_moat,
          uniq_joseph
D:8:      layout_rooms, grunt_lair_entry_orc_guard_hut
D:9:      layout_roguey, orc_0_dummy, serial_corexii_hall,
          corexii_hall_statues_x, corexii_hall_statues_x
D:10:     minmay_clustersquares, layout_basic
D:11:     layout_irregular_city, uniq_snorg
D:12:     layout_loops_ring, kennysheep_potato
D:13:     layout_basic, david_vaults_2, serial_shops, shop_fountains
D:14:     layout_roguey, hex_intersection, dilly_guarded_unrand_elemental_staff,
          uniq_azrael
D:15:     gammafunk_depths_entry_grave, layout_basic,
          minmay_misc_feat_diagonals, uniq_louise
Temple:   eino_temple_rhombus
Lair:1:   gammafunk_cloud_chamber, layout_gridlike, infiniplex_staircase_pool
Lair:2:   layout_small_grid, elwin_shoals_entry_rocks,
          spider_nest_entry_web_field
Lair:3:   layout_chaotic_city, beast_lair_carwin_7
Lair:4:   layout_roguey, serial_bayou_lake_a, lemuel_fruit_fields,
          lemuel_fruit_fields
Lair:5:   layout_roguey, grunt_megastairs_1
Lair:6:   grunt_lair_end_beastmaster, layout_regular_city,
          minmay_slime_entry_oklob_enclosed, infiniplex_staircase_pool_2
Shoals:1: layout_shoals, serial_shops, shop_statue, nicolae_splish_splash,
          uniq_donald, uniq_jorgrun
Spider:1: layout_spider_delve, hellmonk_narrow_tunnel,
          hangedman_spider_tarantella_strand
Spider:2: layout_spider_delve, drop_trap, nicolae_spider_jagged_tunnels,
          uniq_nikola
Spider:3: layout_spider_delve, drop_trap
Spider:4: floodkiller_spider_rune_tomb, uniq_arachne
Orc:1:    layout_diamond_mine, serial_shops, nicolae_shop_trees,
          nicolae_orc_pool_cavern, mines2_lemuel
Orc:2:    grunt_orc_community_town_hall, layout_diamond_mine,
          grunt_orc_community_big_house_2, grunt_orc_community_big_house_2,
          grunt_orc_community_house_1, grunt_orc_community_house_3,
          grunt_orc_community_house_1, grunt_orc_community_house_1,
          grunt_orc_community_house_1, grunt_orc_community_house_3,
          portal_ice_cave_entry_pillars_1, lightli_church_of_beogh
Elf:1:    elf_arrival_001, layout_geoelf_grid, serial_shops, shop_fountains,
          portal_desolation_entry_ruin, orc_legates, small_chamber_with_monster,
          hex_tiny, drop_trap, minmay_shop_star

Skill      XL: |  1  2  3  4  5  6  7  8  9 10 11 12 13 14 15 16 17 |
---------------+----------------------------------------------------+-----
Axes           | 4 5 6 7 8 10 12 13 15 17 18 20 21 22 | 22.7
Fighting       | 4 5 6 7 8 10 12 13 15 17 18 20 21 22 | 22.8
Armour         | 3 4 5 6 7 8 9 11 12 13 14 15 16 | 16.5
Dodging        | 3 4 5 6 8 9 10 11 12 13 14 15 | 15.3

Action                   |  1- 3 |  4- 6 |  7- 9 | 10-12 | 13-15 | 16-18 || total
-------------------------+-------+-------+-------+-------+-------+-------++-------
Melee: Hand axe          |    93 |    27 |       |       |       |       ||   120
       Headbutt          |    14 |    10 |    21 |    66 |   206 |   167 ||   484
       Punch             |     3 |     3 |       |       |     2 |       ||     8
       War axe           |       |    36 |       |       |       |       ||    36
       Unarmed           |       |     1 |       |       |       |       ||     1
       Battleaxe         |       |    16 |   142 |   279 |   801 |   838 ||  2076
       Scimitar          |       |       |       |       |    71 |       ||    71
Invok: Berserk           |       |     1 |       |     5 |     4 |     4 ||    14
       Brothers in Arms  |       |       |       |     2 |     3 |     1 ||     6
       Trog's Hand       |       |       |       |       |     1 |       ||     1
  Use: Scroll            |       |     3 |     4 |     6 |    10 |     5 ||    28
       Potion            |       |       |       |       |       |     9 ||     9
 Stab: Sleeping          |       |     4 |     4 |       |       |       ||     8
Armor: Animal skin       |    31 |    25 |     9 |       |       |       ||    65
       Plate armour      |       |       |    92 |   200 |   590 |   806 ||  1688
Dodge: Dodged            |    72 |    50 |    55 |   146 |   478 |   559 ||  1360
